 Dungeon Crawl Stone Soup version 0.30-a0-986-g7f2e898f52 (webtiles) character file.

Game seed: 5156409947385086077

2537 jimonade the Priest (level 9, -2/75 HPs)
             Began as a Hill Orc Fighter on Apr 1, 2023.
             Was a Believer of Beogh.
             Engulfed by a cloud of steam (11 damage)
             ... on level 8 of the Dungeon.
             The game lasted 00:17:25 (9310 turns).

jimonade the Priest (Hill Orc Fighter)              Turns: 9310, Time: 00:17:26

Health: -2/75      AC: 14    Str: 23    XL:     9   Next: 55%
Magic:  14/14      EV:  5    Int:  8    God:    Beogh [**....]
Gold:   538        SH: 15    Dex: 10    Spells: 8/8 levels left

rFire   . . .      SeeInvis .    b - +1 dagger (venom)
rCold   . . .      Faith    .    G - +1 tower shield
rNeg    . . .      Spirit   .    h - +0 chain mail
rPois   .          Reflect  .    w - +1 helmet
rElec   .          Rampage  .    p - +0 cloak
rCorr   .                        (no gloves)
Will    +....                    (no boots) Stlth
                                 r - amulet of the acrobat
HPRegen 0.32/turn                j - ring of flight
MPRegen 0.14/turn                C - ring of willpower

@: flying
A: no striking features
a: Renounce Religion, Smiting


You were on level 8 of the Dungeon.
You worshipped Beogh.
Beogh was pleased with you.
You visited 1 branch of the dungeon, and saw 8 of its levels.

You collected 538 gold pieces.

Inventory:

Hand Weapons
 a - a +3 dagger of electrocution
 b - a +1 dagger of venom (weapon)
 q - a +0 spear
 u - a +0 halberd
 y - a +0 trident
 P - a +0 trident
 Q - a +0 morningstar
 X - a +0 spear of venom
Missiles
 i - 116 stones
 v - 28 poisoned darts (quivered)
 Y - a curare-tipped dart
Armour
 h - a +0 chain mail (worn)
 p - a +0 cloak (worn)
 w - a +1 helmet (worn)
 G - a +1 tower shield (worn)
 S - a +0 scale mail
Jewellery
 j - a ring of flight (left hand)
 r - an amulet of the acrobat (around neck)
 B - a +6 ring of strength
 C - a ring of willpower (right hand)
 H - a ring of ice
 R - a +6 ring of dexterity
Wands
 s - a wand of digging (3)
 D - a wand of paralysis (7)
 J - a wand of polymorph (5)
 L - a wand of flame (39)
Scrolls
 c - a scroll of summoning
 g - 2 scrolls of enchant armour
 o - 2 scrolls of enchant weapon
 z - 3 scrolls of blinking
 A - 4 scrolls of teleportation
 E - a scroll of poison
 I - 2 scrolls of magic mapping {unknown}
 M - 7 scrolls of identify
 N - a scroll of fear {unknown}
 T - a scroll of silence
 U - a scroll of vulnerability {unknown}
 W - a scroll of amnesia {unknown}
 Z - a scroll of acquirement {unknown}
Potions
 d - 2 potions of might
 e - a potion of heal wounds
 f - 3 potions of haste {unknown}
 k - 10 potions of curing
 l - a potion of mutation {unknown}
 m - 5 potions of brilliance
 n - 3 potions of attraction {unknown}
 t - a potion of ambrosia {unknown}
 x - a potion of degeneration {unknown}
 F - a potion of cancellation {unknown}
 O - 2 potions of resistance {unknown}
 V - a potion of flight {unknown}
Miscellaneous
 K - a piece from Xom's chessboard (15/15)


   Skills:
 + Level 6.2 Fighting
 + Level 4.2 Short Blades
 + Level 4.5 Polearms
 + Level 6.8 Armour
 - Level 0.8 Dodging
 + Level 7.6 Shields
 * Level 7.7 Invocations
 + Level 0.1 Evocations


You had 8 spell levels left.
You didn't know any spells.
Your spell library contained the following spells:

 Spells                   Type           Power      Damage    Failure   Level
 Shock                    Conj/Air       0%         1d3       100%        1
 Blink                    Tloc           0%         N/A       100%        2
 Swiftness                Air            0%         N/A       100%        3
 Airstrike                Air            0%         2d(0-16)  100%        4
 Cause Fear               Hex            0%         N/A       100%        4
 Manifold Assault         Tloc           0%         N/A       100%        4
 Dragon Form              Tmut           0%         N/A       100%        7
 Storm Form               Tmut/Air       0%         N/A       100%        7
 Dragon's Call            Summ           0%         N/A       100%        9


Dungeon Overview and Level Annotations

Branches:
Dungeon (8/15)             Temple (0/1) D:4
   Lair: D:8-11

Altars:
Ashenzari
Elyvilon
Hepliaklqana
Kikubaaqudgha
Qazlal
Uskayaw
Xom
Zin

Shops:
D:2 :   D:7 !

Annotations:
D:4 1 runed translucent door, Crazy Yiuf, Natasha


Message History

You hit the steam dragon.
The steam dragon looks even sicker.
The steam dragon is heavily wounded.
You are engulfed in a cloud of scalding steam.
* * * LOW HITPOINT WARNING * * *
You block the steam dragon's attack.
The steam dragon claws you but does no damage.
You closely miss the steam dragon.
The steam dragon is heavily wounded.
You are engulfed in a cloud of scalding steam.
* * * LOW HITPOINT WARNING * * *
The steam dragon breathes steam at you. The ball of steam hits you!
* * * LOW HITPOINT WARNING * * *
You feel much better.
The steam dragon bites you but does no damage.
You block the steam dragon's attack.
You closely miss the steam dragon.
The steam dragon is severely wounded.
You block the steam dragon's attack.
The steam dragon claws you but does no damage.
You hit the steam dragon but do no damage.
The steam dragon looks as sick as possible!
The steam dragon is severely wounded.
You block the steam dragon's attack.
The steam dragon claws you but does no damage.
The steam dragon bites you.
* * * LOW HITPOINT WARNING * * *
You block the steam dragon's attack.
You hit the steam dragon.
The steam dragon looks as sick as possible!
The steam dragon is almost dead.
The steam dragon breathes steam at you. The ball of steam hits you!
* * * LOW HITPOINT WARNING * * *
The orc priest casts a cantrip, but nothing happens.
You hit the steam dragon.
You kill the steam dragon!
Beogh accepts your kill.
You are engulfed in a cloud of scalding steam.
You die...

#... #))( ##..
#... ###### #.#.
####....##### #.##
#§..........# #.#
#§##....##### #.#
#@##....#######.##
#)##..............
#Yo...............
#c.#............##
#..#.......#######
#..#.......# #.
#..#.......# #.
#.†#.....))# #.
#..######.)######.


You could see an ice beast, a centaur and an orc priest.

Vanquished Creatures
  Grinder (D:4)
  A shadow (D:8)
  A steam dragon (D:8)
  An ice beast (D:7)
  A sky beast (D:6)
  2 black bears
  2 centaurs
  A phantom (D:6)
  2 kobold brigands
  A bullfrog (D:8)
  3 scorpions
  5 killer bees (D:8)
  3 howler monkeys (D:8)
  3 hounds
  A gnoll bouda (D:7)
  3 sleepcaps
  Jessica (D:2)
  Natasha (twice) (D:4)
  4 iguanas
  4 orc wizards
  Robin (D:2)
  7 gnolls
  12 adders
  A shadow imp (D:5)
  3 white imps
  3 worms
  A dart slug (D:1)
  25 orcs
  5 endoplasms
  5 giant cockroaches
  30 goblins
  9 hobgoblins
  8 jackals
  4 quokkas
  4 ball pythons
  14 bats
  2 frilled lizards
  17 kobolds
  8 rats
  A spectral hobgoblin (D:4)
202 creatures vanquished.

Vanquished Creatures (others)
  A plant (D:7)
1 creature vanquished.

Grand Total: 203 creatures vanquished

Notes
Turn   | Place    | Note
-------+----------+-------------------------------------------
     0 | D:1      | jimonade the Hill Orc Fighter began the quest for the Orb.
     0 | D:1      | Reached XP level 1. HP: 19/19 MP: 1/1
   272 | D:1      | Reached XP level 2. HP: 27/27 MP: 2/2
   290 | D:1      | Reached skill level 1 in Invocations
   678 | D:1      | Reached XP level 3. HP: 33/33 MP: 4/4
  1106 | D:2      | Found Nohutz's Book Shoppe.
  1220 | D:2      | Noticed Jessica
  1229 | D:2      | Killed Jessica
  1230 | D:2      | Reached XP level 4. HP: 41/41 MP: 5/5
  1714 | D:2      | Reached XP level 5. HP: 47/47 MP: 6/6
  1770 | D:2      | Noticed Robin
  1778 | D:2      | Killed Robin
  2500 | D:3      | Found a faded altar of an unknown god.
  2631 | D:3      | Reached XP level 6. HP: 53/53 MP: 8/8
  3198 | D:3      | Reached skill level 1 in Short Blades
  3345 | D:4      | Found a staircase to the Ecumenical Temple.
  3366 | D:4      | Noticed Grinder
  3366 | D:4      | Paralysed by Grinder for 5 turns
  3380 | D:4      | Paralysed by Grinder for 3 turns
  3384 | D:4      | Killed Grinder
  3385 | D:4      | Reached skill level 5 in Fighting
  3385 | D:4      | Reached XP level 7. HP: 43/61 MP: 8/10
  3476 | D:4      | Found a shimmering altar of Xom.
  3688 | D:4      | Found a hazy altar of Hepliaklqana.
  3806 | D:4      | Noticed Natasha
  3814 | D:4      | Killed Natasha
  3938 | D:4      | Found a white marble altar of Elyvilon.
  3956 | D:4      | Noticed Natasha
  3983 | D:4      | Killed Natasha
  4186 | D:4      | Found a runed translucent door.
  4187 | D:4      | Noticed Crazy Yiuf
  5055 | D:5      | Entered Level 5 of the Dungeon
  5219 | D:4      | Noticed Natasha
  5226 | D:5      | Reached skill level 5 in Invocations
  5528 | D:5      | Reached skill level 5 in Armour
  5606 | D:5      | Found a broken altar of Ashenzari.
  5606 | D:5      | Found a glowing silver altar of Zin.
  5724 | D:5      | Found a stormy altar of Qazlal.
  5738 | D:5      | Reached XP level 8. HP: 68/68 MP: 10/12
  6013 | D:5      | Reached skill level 5 in Shields
  6462 | D:6      | Became a worshipper of Beogh the Brigand
  6619 | D:5      | Found an ancient bone altar of Kikubaaqudgha.
  6901 | D:6      | Found a hide-covered altar of Uskayaw.
  7509 | D:7      | Reached * piety under Beogh
  7647 | D:7      | Found Refaitug's Distillery.
  8118 | D:7      | Reached XP level 9. HP: 56/75 MP: 14/14
  8242 | D:7      | Identified the staff of cold "Jucadaikk" {rF- rC+ rN+
                  | Dex+5}
  9148 | D:8      | Reached ** piety under Beogh
  9305 | D:8      | HP: 2/75 [steam dragon/ball of steam (10)]
  9310 | D:8      | Engulfed by a cloud of steam

Illustrated notes

Levels and vault maps discovered:
D:1:      sevenhm_arrival_forest_fort_large_3, layout_basic,
          minmay_split_cup_large
D:2:      layout_basic, serial_shops, nicolae_shop_crystal, grunt_ministairs_11,
          uniq_robin, uniq_jessica
D:3:      layout_basic, serial_aquarium, aquarium_bridge_square
          [aquarium_subvault_bridge, aquarium_subvault_wall,
          aquarium_subvault_bridge, aquarium_subvault_wall],
          aquarium_window_fake, aquarium_window_corridor_1, aquarium_view_2e,
          aquarium_balcony_double_2, aquarium_pool_split,
          shapermc_ecumenical_altar_venn
D:4:      layout_layer_cave, nicolae_hepliaklqana_monster_ancestors,
          xom_butterflies, kennysheep_mini_moat, temple_fountains,
          hangedman_abyss_or_decor_stabs, uniq_natasha, uniq_crazy_yiuf_cottage,
          uniq_grinder
D:5:      layout_basic, nicolae_qazlal_general_emergency,
          nicolae_overflow_hidden_temple, kennysheep_crisscross,
          grunt_ministairs_8
D:6:      layout_rooms, eat_drink_and_be_merry_uskayaw
D:7:      corexii_shantytown, layout_basic, serial_shops, nicolae_diamond_shop
D:8:      layout_basic

Skill      XL: |  1  2  3  4  5  6  7  8  9 |
---------------+----------------------------+-----
Invocations    | 1 2 3 4 5 6 7 |  7.7
Fighting       | 4 5 6 |  6.2
Polearms       | 3 4 |  4.5
Armour         | 4 5 6 |  6.8
Short Blades   | 2 3 4 |  4.2
Shields        | 4 6 7 |  7.6
Dodging        | |  0.8
Evocations     | |  0.1

Action                     |  1- 3 |  4- 6 |  7- 9 || total
---------------------------+-------+-------+-------++-------
  Melee: Trident           |   119 |   101 |       ||   220
         Dagger            |       |   129 |   397 ||   526
         Spear             |       |       |   159 ||   159
 Invoke: Convert to Beogh  |       |       |     1 ||     1
  Evoke: Wand              |       |     2 |       ||     2
    Use: Scroll            |       |       |    13 ||    13
         Potion            |       |       |     5 ||     5
 Armour: Scale mail        |     5 |       |       ||     5
         Chain mail        |    49 |   132 |   265 ||   446
  Dodge: Dodged            |    34 |    65 |    96 ||   195
  Block: Buckler           |    21 |    38 |       ||    59
         Tower shield      |       |    42 |   436 ||   478

Table legend: (Time is in decaauts)
 A = Elapsed time spent in this place.
 B = Non-inter-level travel time spent in this place.
 C = Inter-level travel time spent in this place.
 D = Time resting spent in this place.
 E = Time spent auto-exploring this place.
 F = Levels seen in this place.
 G = Mean time per level.
                   A        B        C        D        E       F      G
               +--------+--------+--------+--------+--------+-----+--------+
         Total |   9497 |   9229 |    268 |   1433 |   5439 |   8 | 1187.1 |
       Dungeon |   9497 |   9229 |    268 |   1433 |   5439 |   8 | 1187.1 |
               +--------+--------+--------+--------+--------+-----+--------+

Top non-repeatable levels by time:
     D:4: 2034 daAuts
     D:7: 1464 daAuts
     D:2: 1219 daAuts
     D:5: 1175 daAuts
     D:3: 1095 daAuts
     D:1: 1056 daAuts
     D:6: 842 daAuts
     D:8: 609 daAuts
